[Event "*** Titled Tuesday Blitz"]
[Site "Chess.com"]
[Date "2019.07.02"]
[Round "3"]
[White "chess4life23"]
[Black "checkmatequen"]
[Result "1-0"]
[WhiteElo "2355"]
[BlackElo "2221"]
[TimeControl "180+2"]
[EndTime "13:40:35 PDT"]
[Termination "chess4life23 won by resignation"]

1. d4 Nf6 2. c4 d6 3. Nc3 g6 4. e4 Bg7 5. Be2 O-O 6. Nf3 e5 7. O-O Nc6 8. d5 Ne7 9. b4 Nd7 10. Ba3 a5 11. Ne1 f5 12. Nd3 axb4 13. Bxb4 b6 14.
a4 Nc5 15. Bf3 f4 16. a5 g5 17. Nb2 Ng6 18. Bg4 f3 19. Bxf3 Nh4 20. Bg4 Bxg4 21. Qxg4 Rf4 22. Qe2 Qf6 23. axb6 Rf8 24. Bxc5 dxc5 25.
b7 g4 26. Ra8 Nf3+ 27. Kh1 Qh4 28. gxf3 gxf3 29. Qd3 Qh3 30. Rxf8+ Rxf8 31. Rg1 Kh8 32.
Rg3 Qh6 33. d6 cxd6 34. Ncd1 Qf4 35. Ne3 h5 36. Nf5 Qc1+ 37. Nd1 Bh6 38. Nxh6 Qxh6 39. Rxf3 Rg8 40. Rg3 Qf8 41. Qb1 Rxg3 42. hxg3 h4 43.
b8=Q Qxb8 44. Qxb8+ 1-0

[Event "*** Titled Tuesday Blitz"]
[Site "Chess.com"]
[Date "2019.07.02"]
[Round "3"]
[White "Padenie_Zvezd"]
[Black "Barrelius"]
[Result "1-0"]
[WhiteElo "2681"]
[BlackElo "2471"]
[TimeControl "180+2"]
[EndTime "13:40:37 PDT"]
[Termination "Padenie_Zvezd won by resignation"]

1. d4 d5 2. c4 e6 3. Nc3 Nf6 4.
Bg5 Be7 5. e3 Nbd7 6. Nf3 h6 7.
Bh4 O-O 8. Rc1 c5 9. cxd5 Nxd5 10. Bxe7 Nxe7 11. Be2 b6 12. O-O Bb7 13. Qd3 Nd5 14.
Nxd5 Bxd5 15. e4 Bb7 16. Qe3 cxd4 17. Nxd4 Rc8 18. Rxc8 Qxc8 19. Rc1 Qa8 20. f3 Rc8 21. Nb5 Qb8 22. Rxc8+ Bxc8 23. Qa3 a5 24. Qd6 Qb7 25. Bc4 Nc5 26. h3 Bd7 27. Nc7 Qc6 28. Qxc6 Bxc6 29. Kf2 Kf8 30. Ke3 Ke7 31. e5 Kd7 32.
Nb5 Bxb5 33. Bxb5+ Kc7 34. Kd4 Nb7 35. Be8 Nd8 36.
Kc4 Nc6 37. f4 f6 38. exf6 gxf6 39. Bxc6 Kxc6 40. g4 b5+ 41. Kd4 Kd6 42. Ke4 Ke7 43. Kd4 Kd6 44. h4 Ke7 45. Kc5 b4 46. Kb5 h5 47.
gxh5 f5 48. Kxa5 e5 49. Kxb4 exf4 50. Kc3 1-0

[Event "*** Titled Tuesday Blitz"]
[Site "Chess.com"]
[Date "2019.07.02"]
[Round "3"]
[White "josiwales"]
[Black "LaughingTiger"]
[Result "1-0"]
[WhiteElo "2467"]
[BlackElo "2312"]
[TimeControl "180+2"]
[EndTime "13:40:42 PDT"]
[Termination "josiwales won by checkmate"]

1. e4 c5 2. Nc3 Nc6 3. g3 g6 4. Bg2 Bg7 5. d3 h5 6. Be3 d6 7. h3 Rb8 8. f4 Nh6 9. Qd2 Nd4 10. Nd1 f5 11. c3 Nc6 12. Ne2 e6 13. e5 Qc7 14. O-O dxe5 15. Bxc5 Nf7 16. fxe5 Ncxe5 17. d4 Nc6 18. Nf4 g5 19. Nd3 Qxg3 20. Rf3 Qc7 21. Ne3 b6 22. Ba3 g4 23. hxg4 hxg4 24. Rf2 Na5 25. d5 Nc4 26. Nxc4 Qxc4 27. dxe6 Bxe6 28. Re1 Rd8 29. Qf4 Kd7 30. Qxc4 Bxc4 31. Re7+ Kc8 32. Bb7+ Kb8 33. Nb4 Rd1+ 34. Kg2 Nd8 35. Nc6+ Nxc6 36.
Bxc6 Bf6 37. Rb7+ Kc8 38. Rxa7 Be5 39. Ra8+ Kc7 40. Rxh8 Bxh8 41. Ba4 Rd5 42. Bb3 b5 43. Bxc4 bxc4 44. Rf4 Rd2+ 45. Kf1 g3 46. Rxf5 g2+ 47. Kg1 Bg7 48. Rg5 Bh6 49. Rxg2 Be3+ 50. Kf1 Rd1+ 51. Ke2 Rd2+ 52. Kf3 Rd3 53. Rg4 Bc5+ 54. Ke2 Re3+ 55. Kd2 Rd3+ 56. Kc2 Rd5 57. Rxc4 Kd6 58. Bxc5+ Rxc5 59. Rxc5 Kxc5 60. b4+ Kc6 61. Kb3 Kc7 62. c4 Kb8 63. c5 Kc8 64. Kc4 Kd8 65. b5 Kc8 66.
a4 Kb8 67. a5 Ka8 68. c6 Kb8 69. Kc5 Kc8 70. b6 Kb8 71. Kb5 Kc8 72. Ka6 Kb8 73. c7+ Kc8 74. Ka7 Kd7 75. Kb7 Kd6 76. c8=Q Kd5 77.
a6 Ke4 78. a7 Ke3 79. a8=Q Ke2 80. Qab8 Ke1 81. Kc7 Kf2 82. b7 Kg1 83. Qa7+ Kg2 84. Qg4+ Kf1 85. Qag1# 1-0

[Event "*** Titled Tuesday Blitz"]
[Site "Chess.com"]
[Date "2019.07.02"]
[Round "3"]
[White "CMS13"]
[Black "Grischuk"]
[Result "0-1"]
[WhiteElo "2057"]
[BlackElo "3090"]
[TimeControl "180+2"]
[EndTime "13:40:46 PDT"]
[Termination "Grischuk won by resignation"]

1. e4 c5 2. Nc3 Nc6 3. Bb5 Nd4 4. Nf3 a6 5. Bd3 Nc6 6. a4 g6 7. O-O Bg7 8. Ne2 d6 9. c3 e5 10. Bc2 Nge7 11. d4 exd4 12. cxd4 Bg4 13. d5 Nb4 14. Ra3 O-O 15. h3 Bxf3 16. Rxf3 Nxc2 17. Qxc2 Qd7 18. Nc3 b5 19. Be3 b4 20. Ne2 Rae8 21.
b3 a5 22. Qd2 f5 23. exf5 Rxf5 24. Rxf5 Qxf5 25. Ng3 Qxd5 26. Rd1 Qxd2 27. Rxd2 Nc8 28. Bf4 Re1+ 29. Kh2 Be5 30. Bxe5 Rxe5 31. Rc2 Kf7 32. f3 Nb6 33. Ne4 Ke7 34. Rd2 Rd5 35. Re2 Kf7 36.
Kg3 h6 37. Kf4 Rd3 38. Rb2 Nd5+ 39. Kg3 Nc3 40. Nf2 Rd4 41. Rc2 Ke6 42. Ng4 h5 43. Ne3 d5 44. Kf2 Rd3 45. Nf1 Kd6 46. Ng3 h4 47.
Nf1 c4 48. bxc4 dxc4 49. Ne3 Kc5 50. f4 b3 51. Rb2 Nxa4 52. Rb1 Nc3 53. Ra1 a4 54. f5 gxf5 55. Nxf5 b2 0-1

[Event "*** Titled Tuesday Blitz"]
[Site "Chess.com"]
[Date "2019.07.02"]
[Round "3"]
[White "WildTricks"]
[Black "temus_galaktionov"]
[Result "0-1"]
[WhiteElo "2322"]
[BlackElo "2519"]
[TimeControl "180+2"]
[EndTime "13:40:51 PDT"]
[Termination "temus_galaktionov won by resignation"]

1. e4 c6 2. d4 g6 3. Nc3 Bg7 4. Nf3 d6 5. h3 Nd7 6. Bd3 e5 7. Be3 Ngf6 8. Qd2 O-O 9. Bh6 Re8 10. Bxg7 Kxg7 11. O-O Nf8 12. Rfe1 Qc7 13. Rad1 Ne6 14.
Bf1 a5 15. g3 Bd7 16. a4 Rad8 17.
dxe5 dxe5 18. Qd6 Qxd6 19. Rxd6 Nc5 20. Red1 Rb8 21. g4 Be6 22. Nxe5 Nfxe4 23. Nxe4 Nxe4 24. R6d4 Nc5 25. Nc4 Bxc4 26. Bxc4 Re7 27. b3 Rbe8 28.
Kg2 g5 29. Kg3 h6 30. Kg2 Re1 31. Kg3 Rxd1 32. Rxd1 f6 33. f3 Kf8 34. c3 Re3 35.
Rd8+ Ke7 36. Rh8 Rxc3 37. Rh7+ Kd6 38. Rxh6 Ke5 39. Rh7 Ne4+ 40. Kg2 Rc2+ 41. Kf1 Nd2+ 42. Ke1 Nxc4 43. bxc4 Rxc4 44. Rxb7 Rxa4 45. Rc7 Rc4 46. Ra7 a4 47. Ke2 Kf4 48. Rf7 a3 49. Rxf6+ Kg3 50. Rf5 Ra4 51. Rxg5 a2 0-1

[Event "*** Titled Tuesday Blitz"]
[Site "Chess.com"]
[Date "2019.07.02"]
[Round "3"]
[White "platy3"]
[Black "bubacik"]
[Result "1-0"]
[WhiteElo "2810"]
[BlackElo "2689"]
[TimeControl "180+2"]
[EndTime "13:40:52 PDT"]
[Termination "platy3 won on time"]

1. e4 e5 2. Nf3 Nc6 3. Bb5 a6 4. Ba4 b5 5. Bb3 Na5 6. O-O d6 7. d4 exd4 8. Nxd4 Bb7 9. Re1 Nxb3 10. axb3 Nf6 11. Nc3 Be7 12. Nf5 O-O 13. Bg5 Kh8 14. Nxe7 Qxe7 15. Nd5 Bxd5 16. exd5 Qd7 17. Bxf6 gxf6 18.
Qf3 f5 19. Qc3+ Kg8 20. Re3 f4 21. Re4 Qf5 22. Rae1 h6 23. Qd2 Qg5 24. h3 Kh7 25. Rxf4 Qg6 26. Rg4 Qf6 27. Rf4 Qg6 28. Re3 Rae8 29.
Rg3 Qh5 30. Rfg4 Rg8 31. Qd3+ f5 32. Rxg8 Rxg8 33. Rf3 Rf8 34. g4 Qg5 35. Rxf5 Qc1+ 36. Kg2 Rxf5 37. Qxf5+ Kg7 38. Qd7+ Kf6 39. Qe6+ Kg7 40.
Qd7+ Kf6 41. Qxc7 Ke5 42. Qf7 Qxc2 43. Qe6+ Kd4 44. Qxd6 Qe4+ 45. Kh2 Qc2 46. Qf4+ Kxd5 47. Qf5+ Qxf5 48. gxf5 Ke5 49. b4 Kxf5 50. Kg3 Ke4 51. f4 Kf5 52. Kf3 h5 53. h4 Kf6 54. Ke4 Ke6 55.
f5+ Kf6 56. Kf4 a5 57. bxa5 1-0

[Event "*** Titled Tuesday Blitz"]
[Site "Chess.com"]
[Date "2019.07.02"]
[Round "3"]
[White "WeAintSurePal"]
[Black "volcanoexplorer"]
[Result "0-1"]
[WhiteElo "2330"]
[BlackElo "2539"]
[TimeControl "180+2"]
[EndTime "13:40:52 PDT"]
[Termination "volcanoexplorer won by checkmate"]

1. d4 Nf6 2. Nf3 e6 3. g3 b6 4.
Bg2 Bb7 5. O-O Be7 6. c4 O-O 7. Nc3 Ne4 8. Qc2 Nxc3 9. Qxc3 f5 10. b4 d6 11. Bb2 Nd7 12. Rad1 Nf6 13. Ng5 Bxg2 14. Kxg2 Qc8 15. Qe3 e5 16. dxe5 dxe5 17. Qxe5 Bxb4 18. Qe6+ Qxe6 19. Nxe6 Rf7 20. Bxf6 gxf6 21.
e3 Re8 22. Nf4 c6 23. Rd3 Re4 24. Rc1 Rfe7 25. Rd8+ Kf7 26. Rc8 Rd7 27. Rxc6 Rd2 28. Rc7+ Be7 29. Rxa7 Rxe3 30. c5 bxc5 31. Rxc5 Ra3 32.
Rxa3 Bxc5 33. Rf3 Rxa2 34. Nd3 Bd4 35. Rf4 Bc3 36. Rxf5 Ke6 37. Rc5 Bd4 38. Rc4 Ba7 39. Rc7 Kf5 40. h3 h5 41. Rd7 Ke4 42. Rd8 Bb6 43.
Rd6 Bd4 44. Nb4 Rxf2+ 45. Kh1 Bc5 46. Re6+ Kf5 47. Nd3 Kxe6 48. Nxc5+ Kd5 49. Nd3 Rd2 50. Nf4+ Ke4 51. Nxh5 f5 52. Nf6+ Kf3 53. g4 Kg3 54. Ne4+ fxe4 55. h4 Rd1# 0-1

[Event "*** Titled Tuesday Blitz"]
[Site "Chess.com"]
[Date "2019.07.02"]
[Round "3"]
[White "darsen_sanzhaev"]
[Black "LisikValera"]
[Result "1-0"]
[WhiteElo "2646"]
[BlackElo "2418"]
[TimeControl "180+2"]
[EndTime "13:40:55 PDT"]
[Termination "darsen_sanzhaev won by resignation"]

1. d4 d5 2. c4 c6 3. Nc3 Nf6 4.
e3 e6 5. Nf3 Nbd7 6. Qc2 Bd6 7.
e4 dxe4 8. Nxe4 Nxe4 9. Qxe4 Bb4+ 10. Bd2 Bxd2+ 11. Nxd2 O-O 12. Bd3 Nf6 13. Qe3 b6 14.
O-O-O Qc7 15. Ne4 Nxe4 16. Bxe4 Bb7 17. c5 Rfd8 18. Rd3 bxc5 19. dxc5 Ba6 20. Rxd8+ Rxd8 21. g3 Bc4 22. a3 Bd5 23. Rd1 a5 24. f4 g6 25. Qd4 Rb8 26. Rd2 Qa7 27. Bxd5 exd5 28. Re2 a4 29. h4 h5 30. f5 Qa6 31. Rf2 Re8 32. fxg6 fxg6 33. Qf4 Qc4+ 34. Qxc4 dxc4 35.
Rf4 Re3 36. g4 c3 37. gxh5 gxh5 38. Rxa4 Kf7 39. Rd4 cxb2+ 40. Kxb2 Re5 41. Kb3 Rxc5 42. a4 Rc1 43. a5 Ra1 44. Ra4 Rb1+ 45. Kc4 Ke6 46.
a6 Rb8 47. a7 Ra8 48. Kc5 Kd7 49. Kb6 Kd6 50. Kb7 Rxa7+ 51. Kxa7 Kc5 52. Kb7 Kb5 53. Rf4 c5 54. Rf5 Kb4 55. Rxh5 c4 56. Kb6 c3 57. Rc5 Kb3 58. h5 1-0

[Event "*** Titled Tuesday Blitz"]
[Site "Chess.com"]
[Date "2019.07.02"]
[Round "3"]
[White "icychess54"]
[Black "sebsep"]
[Result "0-1"]
[WhiteElo "2117"]
[BlackElo "2149"]
[TimeControl "180+2"]
[EndTime "13:40:56 PDT"]
[Termination "sebsep won by resignation"]

1. c4 c5 2. Nf3 Nc6 3. Nc3 g6 4.
d4 cxd4 5. Nxd4 Bg7 6. e3 Nf6 7. Be2 O-O 8. O-O d6 9. b3 a6 10. Bb2 Rb8 11. Qd2 Nxd4 12. Qxd4 Be6 13. Qd2 Qd7 14.
a4 Bf5 15. a5 Ne4 16. Nxe4 Bxb2 17. Qxb2 Bxe4 18. Rfd1 Rfc8 19. Qd4 Qc6 20. f3 Bf5 21. e4 Be6 22. h4 Qc5 23. Kf2 b6 24. axb6 Rxb6 25.
Qxc5 Rxc5 26. b4 Rxb4 27. Rxa6 Bxc4 28. Bxc4 Rbxc4 29. Ra7 Rc7 30. Rxc7 Rxc7 31. Ra1 Kg7 32. g4 Rc5 33. Kg3 h5 34. Ra7 Kf6 35. g5+ Ke6 36.
Kf4 Rc1 37. Kg3 Rc5 38. Kf4 Rc1 39. Kg3 Rh1 40. Rb7 f6 41. gxf6 Kxf6 42. Rb5 Rc1 43. Ra5 Rc5 44. Ra3 g5 45. hxg5+ Rxg5+ 46. Kh3 Ke5 47.
Ra7 Rg7 48. Ra5+ Kf4 49. Rf5+ Ke3 50. Kh4 Rh7 51. Rf8 Kd4 52. Kg5 h4 53. Kg6 h3 54.
Kxh7 h2 0-1

[Event "*** Titled Tuesday Blitz"]
[Site "Chess.com"]
[Date "2019.07.02"]
[Round "3"]
[White "Alexander_Moskalenko"]
[Black "Pechen_Yeltsina"]
[Result "1-0"]
[WhiteElo "2860"]
[BlackElo "2686"]
[TimeControl "180+2"]
[EndTime "13:40:57 PDT"]
[Termination "Alexander_Moskalenko won on time"]

1. d4 d6 2. e4 g6 3. Nc3 Bg7 4. Be3 a6 5. Qd2 Nd7 6. f3 b5 7. O-O-O Bb7 8. h4 h6 9. Nh3 Rc8 10. Kb1 Nb6 11. Nf4 Nf6 12. e5 Nfd5 13. Ncxd5 Nxd5 14. e6 Nxf4 15. exf7+ Kxf7 16. Bxf4 c5 17. dxc5 Rxc5 18.
Bd3 Qd7 19. Be3 Rc7 20. Rhf1 Rhc8 21. Bxh6 Rh8 22. Bxg7 Kxg7 23. Qg5 Qe6 24. Rde1 Qf6 25. Qxf6+ Kxf6 26. g3 b4 27. f4 a5 28. Re3 Bd5 29.
Be4 Bf7 30. a3 Rc4 31. Bd3 Rc5 32. axb4 axb4 33. Rfe1 Rc7 34. b3 Bd5 35. Kb2 Ra7 36. Ra1 Rxa1 37. Kxa1 e5 38. fxe5+ dxe5 39. Be4 Be6 40. Rf3+ Kg7 41. Kb2 Rd8 42. Rd3 Rxd3 43. Bxd3 Kh6 44. c3 bxc3+ 45. Kxc3 g5 46. hxg5+ Kxg5 47.
Be2 Kf5 48. b4 Ke4 49. b5 Bc8 50. b6 Kd5 51. Kb4 Kc6 52. Ka5 e4 53. g4 Bb7 54.
g5 Kd6 55. Kb4 Ke5 56. Bg4 e3 57. Kc3 Kf4 58. g6 1-0

[Event "*** Titled Tuesday Blitz"]
[Site "Chess.com"]
[Date "2019.07.02"]
[Round "3"]
[White "swisspower96"]
[Black "Jospem"]
[Result "1-0"]
[WhiteElo "2720"]
[BlackElo "2872"]
[TimeControl "180+2"]
[EndTime "13:40:59 PDT"]
[Termination "swisspower96 won by resignation"]

1. d4 Nf6 2. c4 e6 3. Nf3 b6 4. g3 Ba6 5. Nbd2 Bb4 6. Qa4 Be7 7. Bg2 O-O 8. O-O c6 9. Ne5 Bb7 10. Qb3 d6 11. Nd3 d5 12. Nf3 a5 13. Bf4 Na6 14.
c5 b5 15. a4 b4 16. Nd2 Nb8 17. Rfe1 Ba6 18. Rad1 Nbd7 19. e4 Rc8 20. Qc2 dxe4 21. Nxe4 Nxe4 22. Bxe4 Nf6 23. Ne5 Nxe4 24. Qxe4 Qd5 25.
Qxd5 cxd5 26. Rc1 Rfd8 27. Nf3 Bc4 28. Nd2 Bd3 29. Nb3 Ra8 30. Bc7 Rdc8 31. Bb6 Bg5 32. f4 Bf6 33. Red1 Be2 34. Rd2 Ba6 35. Nxa5 g5 36.
Kf2 gxf4 37. gxf4 h5 38. Kf3 Kh7 39. c6 Kg6 40. c7 Kf5 41. b3 Rg8 42. Nc6 Rg4 43.
Nb8 Rxf4+ 44. Kg2 Bg5 45. Nxa6 Rg4+ 46. Kf2 Rc8 47. Rdc2 Bxc1 48. Rxc1 Ke4 49. Nc5+ Kf5 50. Nb7 Rf4+ 51. Ke2 Re4+ 52. Kd3 Kf4 53. Rf1+ Kg4 54.
Nd6 1-0

[Event "*** Titled Tuesday Blitz"]
[Site "Chess.com"]
[Date "2019.07.02"]
[Round "3"]
[White "Mbneu"]
[Black "akgod"]
[Result "1/2-1/2"]
[WhiteElo "2325"]
[BlackElo "2217"]
[TimeControl "180+2"]
[EndTime "13:41:00 PDT"]
[Termination "Game drawn by repetition"]

1. d4 Nf6 2. c4 g6 3. Nc3 d5 4.
cxd5 Nxd5 5. g3 Bg7 6. Bg2 Nb6 7. Nf3 O-O 8. O-O Nc6 9. d5 Ne5 10. Nxe5 Bxe5 11. Bf4 Bxf4 12. gxf4 Bg4 13. h3 Bd7 14. e4 e6 15. e5 exd5 16. Nxd5 Nxd5 17. Qxd5 c6 18.
Qd6 Bf5 19. Rfd1 Qh4 20. Qa3 Qxf4 21. Qg3 Qxg3 22. fxg3 Rfe8 23. g4 Be6 24. Rd4 Rad8 25. Rb4 Rd7 26. a4 a5 27. Rb6 Bd5 28. Bxd5 Rxd5 29. Rxb7 Rexe5 30. Rf1 f5 31. g5 Re2 32.
Rb8+ Kf7 33. Rb7+ Re7 34. Rxe7+ Kxe7 35. Re1+ Kd7 36. Kf2 Rd4 37. b3 Rb4 38. Rd1+ Ke7 39.
Rd3 c5 40. Re3+ Kd7 41. Rd3+ Kc7 42. Re3 Kd7 43. Rd3+ Ke7 44. Re3+ Re4 45. Rxe4+ fxe4 46. Ke3 Kd6 47. Kxe4 Ke6 48. h4 Kd6 49. Ke3 Ke5 50. Kd3 Kd5 51. Kc3 Kd6 52. Kc4 Kc6 53. Kc3 Kd5 54.
Kd3 Kd6 55. Kc4 Kc6 56. Kd3 Kd5 57. Kc3 Kd6 58. Kd3 Kd5 1/2-1/2

[Event "*** Titled Tuesday Blitz"]
[Site "Chess.com"]
[Date "2019.07.02"]
[Round "3"]
[White "adriangschnitzer"]
[Black "colegiodemadrid"]
[Result "1/2-1/2"]
[WhiteElo "2472"]
[BlackElo "2448"]
[TimeControl "180+2"]
[EndTime "13:41:01 PDT"]
[Termination "Game drawn by repetition"]

1. e4 c5 2. Nf3 d6 3. d4 cxd4 4. Nxd4 Nf6 5. Nc3 a6 6. Bg5 e6 7. f4 h6 8. Bh4 Qb6 9. a3 Be7 10. Bf2 Qc7 11. Qf3 Nbd7 12. O-O-O b5 13. g4 Bb7 14. Bg2 g5 15. h4 gxf4 16. g5 Ne5 17. Qxf4 Nfg4 18. g6 Nxf2 19. gxf7+ Nxf7 20. Qxf2 Qc5 21. Rhf1 Rf8 22. Nxe6 Qxf2 23. Rxf2 Bxh4 24. Rff1 Bg5+ 25.
Kb1 Ke7 26. Nxf8 Rxf8 27. Nd5+ Bxd5 28. exd5 Rc8 29. Bh3 Rc4 30. b3 Rh4 31. Be6 Ne5 32.
Rde1 a5 33. Re2 a4 34. Bg8 Bf6 35. Ref2 Bg5 36. Re2 Bf6 37. Ref2 Bg5 38. Rf8 axb3 39. cxb3 Rh3 40. Kc2 Rh2+ 41. R1f2 Rh3 42. Rb8 Rh1 43. Rff8 Rh2+ 44. Kd1 Rh1+ 45. Ke2 Rh2+ 46. Kf1 Rb2 47. Be6 Rb1+ 48. Ke2 Rb2+ 49. Kd1 Rb1+ 50. Ke2 Rb2+ 51. Kf1 Rb1+ 52. Kg2 Rb2+ 53. Kf1 1/2-1/2

[Event "*** Titled Tuesday Blitz"]
[Site "Chess.com"]
[Date "2019.07.02"]
[Round "3"]
[White "PotapovaM"]
[Black "INLOVEWITHF"]
[Result "1-0"]
[WhiteElo "2496"]
[BlackElo "2372"]
[TimeControl "180+2"]
[EndTime "13:41:01 PDT"]
[Termination "PotapovaM won by checkmate"]

1. d4 Nf6 2. c4 g6 3. Nc3 Bg7 4. e4 d6 5. h3 c5 6. d5 O-O 7. Nf3 e6 8. Bd3 exd5 9. exd5 Re8+ 10. Be3 Rxe3+ 11. fxe3 Nbd7 12. O-O Qe7 13. e4 Nh5 14. Qd2 Ne5 15. Nxe5 Bxe5 16. Ne2 Bd7 17. Rf3 a6 18.
Raf1 Rf8 19. Bc2 Qh4 20. Qe1 Qe7 21. b3 b5 22. Qa5 b4 23. a3 bxa3 24. Qxa3 Bc8 25. b4 cxb4 26. Qxb4 Ng7 27. Qb6 f5 28.
exf5 gxf5 29. Nf4 Qg5 30. Qf2 Qf6 31. Kh1 Bd7 32. Nd3 Bd4 33. Qd2 Kh8 34. Nf4 Be5 35. Bb1 Rb8 36. Nd3 Bd4 37. Qf4 Re8 38. Nb4 Bc5 39.
Nc6 Bxc6 40. dxc6 Rc8 41. Bxf5 Nxf5 42. Qxf5 Qxf5 43. Rxf5 Rxc6 44. Rf7 Bd4 45. Rb7 Bg7 46. Rb8+ Bf8 47. Rfxf8+ Kg7 48. Rg8+ Kf6 49. Rgc8 Rxc8 50. Rxc8 Ke5 51. c5 d5 52. c6 Kd6 53. c7 Kd7 54. Rd8+ Kxc7 55. Rxd5 Kc6 56. Rd1 a5 57. Ra1 Kb5 58.
g4 a4 59. h4 Kb4 60. g5 a3 61. h5 Kb3 62. g6 hxg6 63. hxg6 Kb2 64. Rxa3 Kxa3 65.
g7 Kb4 66. g8=Q Kc5 67. Qe6 Kd4 68. Kg2 Kc3 69. Qd5 Kb4 70. Qc6 Kb3 71. Qc5 Ka4 72. Qb6 Ka3 73. Qb5 Ka2 74. Qb4 Ka1 75. Kf2 Ka2 76. Ke2 Ka1 77. Kd2 Ka2 78. Kc2 Ka1 79. Qb2# 1-0

[Event "*** Titled Tuesday Blitz"]
[Site "Chess.com"]
[Date "2019.07.02"]
[Round "3"]
[White "Samuray111"]
[Black "Cayse"]
[Result "1/2-1/2"]
[WhiteElo "2559"]
[BlackElo "2624"]
[TimeControl "180+2"]
[EndTime "13:41:02 PDT"]
[Termination "Game drawn - insufficient material"]

1. Nf3 Nf6 2. g3 d5 3. Bg2 c5 4.
O-O Nc6 5. d4 e6 6. c4 dxc4 7. dxc5 Qxd1 8. Rxd1 Bxc5 9. Nbd2 c3 10. bxc3 Bd7 11. Nb3 Be7 12. Nfd4 Rc8 13. Be3 O-O 14.
Nxc6 Bxc6 15. Bxa7 Bxg2 16. Kxg2 Rxc3 17. Rac1 Rfc8 18. Bd4 Rxc1 19. Rxc1 Rxc1 20. Nxc1 Nd7 21. Kf3 f6 22. Ke4 Kf7 23. Nb3 e5 24. Be3 Ke6 25.
Kd3 Kd5 26. Bd2 f5 27. f3 e4+ 28. fxe4+ fxe4+ 29. Kc2 g6 30. Be3 Ne5 31. Nd2 Nc6 32. Nf1 Bf6 33. Bf2 Bd4 34. Bxd4 Kxd4 35. e3+ Kd5 36.
Nd2 Ne5 37. h3 Nc4 38. Nf1 Kc5 39. Kc3 b5 40. g4 b4+ 41. Kb3 Na5+ 42. Ka4 Nc6 43.
Ng3 Kd5 44. Kb5 h6 45. Ka4 Kc4 46. Nxe4 Kd3 47. Nf6 Kxe3 48. Kb5 b3 49. axb3 Nd4+ 50. Kc4 Nxb3 51. Kxb3 Kf4 52. h4 h5 53. g5 Kg3 54. Kc3 Kxh4 55. Ne4 Kg4 56. Kd3 Kf4 57. Nf6 Kxg5 58. Nd5 Kg4 59. Ke2 Kg3 60. Kf1 h4 61. Kg1 g5 62. Nf6 g4 63. Nxg4 Kxg4 64. Kh1 h3 65. Kg1 h2+ 66. Kh1 Kf3 67. Kxh2 1/2-1/2

[Event "*** Titled Tuesday Blitz"]
[Site "Chess.com"]
[Date "2019.07.02"]
[Round "3"]
[White "albano87"]
[Black "Everyfishknows"]
[Result "0-1"]
[WhiteElo "2201"]
[BlackElo "2286"]
[TimeControl "180+2"]
[EndTime "13:41:03 PDT"]
[Termination "Everyfishknows won on time"]

1. e4 e5 2. d4 exd4 3. Qxd4 Nc6 4. Qe3 Nf6 5. Nc3 Bb4 6. Bd2 O-O 7. O-O-O Re8 8. f3 d5 9. Qf2 d4 10. Nb5 Bxd2+ 11.
Qxd2 Be6 12. Nxd4 Nxd4 13. Qxd4 Qe7 14. Qa4 a6 15. Bd3 b5 16. Qa5 c5 17. e5 Nd5 18.
Be4 Ne3 19. Bxa8 Nxd1 20. Be4 Nf2 21. Ne2 Nxh1 22. Qxa6 Bc4 23. Nc3 Nf2 24. b3 Nxe4 25. Nxe4 Bd5 26. Nd6 Ra8 27. Qxb5 Qxe5 28. Qxc5 h6 29.
a4 Qe1+ 30. Kb2 Qe5+ 31. Qc3 Qxd6 32. Qd4 Qf6 33. Kc3 Rc8+ 34. Kd3 Qxd4+ 35. Kxd4 Rxc2 36.
Kxd5 Kf8 37. a5 Ke8 38. b4 Kd7 39. b5 Kc7 40. g4 Rxh2 41. Kc5 Rc2+ 42. Kd5 Rc3 43.
f4 Rg3 44. a6 Rxg4 45. Kc5 Rxf4 46. b6+ Kb8 47. Kc6 Rf6+ 48. Kc5 h5 0-1

[Event "*** Titled Tuesday Blitz"]
[Site "Chess.com"]
[Date "2019.07.02"]
[Round "3"]
[White "GMsKoRPioN"]
[Black "Kimster98"]
[Result "1-0"]
[WhiteElo "2571"]
[BlackElo "2597"]
[TimeControl "180+2"]
[EndTime "13:41:05 PDT"]
[Termination "GMsKoRPioN won by resignation"]

1. d4 Nf6 2. c4 e6 3. Nc3 Bb4 4.
Qc2 d5 5. Nf3 O-O 6. Bg5 h6 7. Bxf6 Qxf6 8. a3 Bxc3+ 9. Qxc3 c6 10. e3 Nd7 11. Bd3 dxc4 12. Bxc4 b6 13. O-O Bb7 14.
Rac1 Rac8 15. b4 c5 16. dxc5 Qxc3 17. Rxc3 bxc5 18. b5 Bxf3 19. gxf3 Nb6 20. Rd1 Rfd8 21. Rxd8+ Rxd8 22. Be2 Rd2 23. Kf1 Ra2 24. f4 g6 25.
Rxc5 Rxa3 26. Rc7 Nd5 27. Rb7 Nc3 28. Bf3 Ra1+ 29. Kg2 Rb1 30. Bc6 Kf8 31. h4 Rb2 32.
Kg3 Rb1 33. e4 h5 34. e5 Rb3 35. Kh2 Ra3 36. Rb8+ Kg7 37. Be8 Ne2 38. Rb7 Kf8 39. Bxf7 Nxf4 40. Rd7 Rh3+ 41. Kg1 Rb3 42. Rb7 Rb2 43.
f3 Rb1+ 44. Kf2 Rb3 45. Ke1 Rb2 46. Kd1 Rb1+ 47. Kd2 Rb2+ 48. Ke3 Rb4 49. Kd2 Rb2+ 50. Kc3 Re2 51. Rxa7 Rxe5 52. b6 Nd5+ 53. Kd4 Re1 54.
b7 Rb1 55. Bxe6 Nf4 56. Bc8 Ke7 57. b8=Q+ 1-0

[Event "*** Titled Tuesday Blitz"]
[Site "Chess.com"]
[Date "2019.07.02"]
[Round "3"]
[White "przemekpiotrowski"]
[Black "EndgameGrinder"]
[Result "0-1"]
[WhiteElo "2364"]
[BlackElo "2580"]
[TimeControl "180+2"]
[EndTime "13:41:07 PDT"]
[Termination "EndgameGrinder won by resignation"]

1. d4 Nf6 2. Nf3 e6 3. g3 c5 4. Bg2 cxd4 5. Nxd4 Nc6 6. O-O d5 7. c4 Bc5 8. Nb3 Be7 9. Nc3 dxc4 10. Bxc6+ bxc6 11. Qxd8+ Bxd8 12. Nd4 Bd7 13. Bf4 Nd5 14. Bd6 Be7 15. Ne4 f5 16. Bxe7 Kxe7 17. Nc5 e5 18. Nxd7 exd4 19. Ne5 c5 20. Nxc4 Rab8 21. Rac1 Rhc8 22.
Rfd1 Ke6 23. Rd2 Rb4 24. Rdc2 Nb6 25. Nd2 Na4 26. Nb3 Kd5 27. Rd1 Rcb8 28. e3 Rxb3 29.
axb3 Rxb3 30. exd4 cxd4 31. Rc7 d3 32. Rd7+ Kc4 33.
Rc7+ Kd4 34. Rd7+ Kc4 35. Rc1+ Kb5 36. Rb7+ Nb6 37. Rd1 a5 38. Rxg7 a4 39. Rxh7 Kc6 40.
Rh6+ Kc5 41. Rf6 Nc4 42. Rxf5+ Kd4 43. Rf4+ Kd5 44. Rf3 Nxb2 45. Rd2 a3 46. Rf5+ Kc4 47. Ra5 Kc3 48. Rxd3+ Nxd3 49. h4 Kb2 50. h5 a2 51.
h6 Rb7 52. g4 a1=Q+ 53. Rxa1 Kxa1 54. g5 Nf4 55. Kh2 Rb3 56. h7 Rh3+ 0-1

[Event "*** Titled Tuesday Blitz"]
[Site "Chess.com"]
[Date "2019.07.02"]
[Round "3"]
[White "M1711"]
[Black "Aleksandr_Kholin"]
[Result "1/2-1/2"]
[WhiteElo "2502"]
[BlackElo "2369"]
[TimeControl "180+2"]
[EndTime "13:41:10 PDT"]
[Termination "Game drawn by repetition"]

1. d4 f5 2. Nc3 d5 3. Nf3 e6 4. Bg5 Nf6 5. e3 Be7 6. Bd3 c6 7. O-O O-O 8. Ne2 h6 9. Bf4 Ne4 10. c4 Nd7 11. Ne5 Nxe5 12. Bxe5 Bd7 13. f3 Nd6 14.
Qc2 Rc8 15. c5 Nf7 16. Bg3 Bg5 17. f4 Bf6 18. b4 g5 19. fxg5 hxg5 20. a4 a6 21. b5 axb5 22. axb5 cxb5 23. Qb3 b6 24. Rac1 bxc5 25. dxc5 Qe8 26. Bd6 Nxd6 27. cxd6 Rxc1 28. Rxc1 Be5 29. Rb1 Bxd6 30. Bxb5 Bxb5 31. Qxb5 Bxh2+ 32. Kxh2 Qh5+ 33. Kg1 f4 34. exf4 gxf4 35. Nd4 Qe5 36.
Nf3 Qe3+ 37. Kf1 Rc8 38. Re1 Rc1 39. Rxc1 Qxc1+ 40. Ne1 Kg7 41. Qd7+ Kf6 42. Qd8+ Kf5 43. Qf8+ Ke4 44. Qg8 e5 45. Qg6+ Kd4 46. Qd3+ Kc5 47.
Qf5 Kd4 48. Ke2 Qe3+ 49. Kd1 Kc5 50. Qc8+ Kd6 51. Qb8+ Ke6 52. Qe8+ Kd6 53. Qf8+ Kc6 54.
Qf6+ Kb5 55. Qd6 Qd4+ 56. Ke2 Qe4+ 57. Kf1 Qc4+ 58. Kf2 Qd4+ 59. Kf1 Qc4+ 60. Kg1 Qc5+ 61. Qxc5+ Kxc5 62. Kf2 Kd4 63. Nf3+ Ke4 64. Ke2 Kf5 65. Ne1 Kg5 66. Nc2 e4 67. Kf2 Kf5 68. Nd4+ Ke5 69.
Nc6+ Kd6 70. Nd4 Ke5 71. Nc6+ Kd6 72. Nd4 Ke5 1/2-1/2

[Event "*** Titled Tuesday Blitz"]
[Site "Chess.com"]
[Date "2019.07.02"]
[Round "3"]
[White "Sanan_Sjugirov"]
[Black "BlueWizzard"]
[Result "1-0"]
[WhiteElo "2956"]
[BlackElo "2717"]
[TimeControl "180+2"]
[EndTime "13:41:13 PDT"]
[Termination "Sanan_Sjugirov won by resignation"]

1. d4 Nf6 2. c4 c5 3. d5 g6 4.
Nc3 Bg7 5. e4 O-O 6. h3 e6 7. Bd3 d6 8. Nf3 Na6 9. O-O Nc7 10. Bg5 Qe7 11. Qd2 e5 12. Ne1 Qe8 13.
Nc2 Nh5 14. Be2 f6 15. Be3 f5 16. Bxh5 gxh5 17. f4 Qg6 18. fxe5 Bxe5 19. Bf4 Bg7 20.
Rae1 fxe4 21. Nxe4 Bxh3 22. Bxd6 Rxf1+ 23. Rxf1 Qxe4 24.
Bxc7 Bf5 25. d6 Kh8 26. Rxf5 Qxf5 27. d7 Bf6 28. d8=Q+ Bxd8 29. Bxd8 Qe5 30. Ba5 Kg8 31. Bc3 Qf5 32. Ne3 Qb1+ 33. Kh2 Qe4 34. Nd5 Qh4+ 35. Kg1 Rf8 36. Qe3 Kf7 37. Nf6 Qxc4 38. Nd7 Re8 39.
Ne5+ Rxe5 40. Qxe5 Qxa2 41. Qxh5+ Ke6 42. Qxc5 Qb1+ 43. Kh2 Qe4 44. Qc8+ Kd6 45. Qd8+ Kc6 46. Qd4 Qe6 47. Qa4+ Kc7 48. Qf4+ Kc6 49. Qf6 Qxf6 50. Bxf6 a5 51. Kg3 Kd5 52. Kg4 Ke6 53. Bc3 a4 54. Kg5 Kf7 55. Kh6 Kg8 56. g4 b6 57. Bd4 b5 58. Bc3 1-0